 Dungeon Crawl Stone Soup version 0.25-a0-591-g2ad0d861f1 (webtiles) character file.

Game seed: 11693224192548739775, levelgen mode: deterministic

193125 Mgcat the Devastator (level 18, -3/117 HPs)
             Began as a Gargoyle Conjurer on Jan 10, 2020.
             Was the Champion of Vehumet.
             Hit by a large rock thrown by Polyphemus (30 damage)
             ... on level 3 of the Shoals on Mar 14, 2020.
             The game lasted 02:36:38 (41933 turns).

Mgcat the Devastator (Gargoyle Conjurer)           Turns: 41933, Time: 02:36:39

Health: -3/117     AC: 27    Str: 16    XL:     18   Next: 70%
Magic:  0/35       EV: 14    Int: 28    God:    Vehumet [******]
Gold:   1949       SH: 13    Dex: 10    Spells: 7/43 levels left

rFire    + . .     SeeInvis +   j - +12 war axe "Iteats" {drain, Int+2 SInv Stlth+}
rCold    . . .     Gourm    .   B - +3 kite shield
rNeg     + + .     Faith    .   k - +2 robe {MR+}
rPois    ∞         Spirit   +   T - +0 helmet of Uskayaw's Displeasure {rF+ rN+ Str+3}
rElec    +         Reflect  .   G - +2 cloak {+Inv}
rCorr    .         Harm     .   P - +2 pair of gloves
MR       ++...                  O - +2 pair of boots
Stlth    ++++......             z - amulet of guardian spirit {Spirit}
HPRegen  0.29/turn              h - +3 ring of intelligence
MPRegen  0.24/turn              C - ring of wizardry {Wiz+, !d}

@: about to teleport, flying
A: big wings, negative energy resistance 1, electricity resistance, unbreathing,
petrification resistance, rot immunity, AC +13
a: Stop Flying, Renounce Religion, Evoke Invisibility


You were on level 3 of the Shoals.
You worshipped Vehumet.
Vehumet was exalted by your worship.
You were very hungry.

You visited 6 branches of the dungeon, and saw 30 of its levels.
You also visited: Ossuary, Bailey and Ice Cave.

You collected 2834 gold pieces.
You spent 885 gold pieces at shops.

Inventory:

Hand Weapons
 j - the +12 war axe "Iteats" (weapon) {drain, Int+2 SInv Stlth+}
   (You found it on level 2 of the Orcish Mines)

   A truly terrible weapon, it drains the life of those it strikes.
   It affects your intelligence (+2).
   It lets you see invisible.
   It makes you more stealthy.
 R - a +8 vampiric broad axe {!w}
   (You found it on level 6 of the Lair of Beasts)
Armour
 k - a +2 robe of magic resistance (worn)
   (You took it off Jessica on level 2 of the Dungeon)
 B - a +3 kite shield (worn)
   (You found it on level 5 of the Lair of Beasts)
 D - the +1 pair of gloves "Turghelol" {rElec rF+ rC- Str+7}
   (You bought it in a shop on level 2 of the Orcish Mines)

   It affects your strength (+7).
   It protects you from fire.
   It makes you vulnerable to cold.
   It insulates you from electricity.
 G - a +2 cloak of invisibility (worn)
   (You bought it in a shop on level 2 of the Orcish Mines)
 O - a +2 pair of boots (worn)
   (You found it on level 4 of the Lair of Beasts)
 P - a +2 pair of gloves (worn)
   (You found it on level 4 of the Lair of Beasts)
 T - the +0 helmet of Uskayaw's Displeasure (worn) {rF+ rN+ Str+3}
   (You found it on level 14 of the Dungeon)

   It affects your strength (+3).
   It protects you from fire.
   It protects you from negative energy.
Magical Staves
 H - an uncursed staff of wizardry {wiz+, !a}
   (You found it in an ice cave)
 U - an uncursed staff of energy {+MP, hungerless spells, !d!a@w1}
   (You found it on level 14 of the Dungeon)
Jewellery
 a - an uncursed ring of protection from fire {rF+, !d}
   (You found it on level 1 of the Lair of Beasts)
 g - an uncursed ring of resist corrosion
   (You found it on level 11 of the Dungeon)
 h - a +3 ring of intelligence (left hand)
   (You found it on level 3 of the Dungeon)
 z - an amulet of guardian spirit (around neck) {Spirit}
   (You took it off an orc on level 5 of the Dungeon)
 C - a ring of wizardry (right hand) {Wiz+, !d}
   (You found it on level 7 of the Dungeon)
Wands
 i - a wand of acid (15)
   (You found it on level 12 of the Dungeon)
 t - a wand of digging (3)
   (You found it on level 2 of the Orcish Mines)
 v - a wand of polymorph (14)
   (You bought it in a shop on level 9 of the Dungeon)
 w - a wand of iceblast (36)
   (You took it off Harold on level 8 of the Dungeon)
Scrolls
 b - 11 scrolls of teleportation
 l - 5 scrolls of immolation {!r}
 m - 6 scrolls of blinking {!r}
 q - 4 scrolls of magic mapping {!r}
 r - 11 scrolls of remove curse
 A - 5 scrolls of identify
 J - 2 scrolls of amnesia
 N - a scroll of fear
Potions
 e - 4 potions of lignification {!q}
 f - 3 potions of brilliance
 n - 2 potions of resistance
 o - 6 potions of curing
 p - 3 potions of magic
 s - 6 potions of heal wounds
 u - 2 potions of stabbing
 x - 4 potions of mutation {!q}
 E - a potion of berserk rage {!q}
 F - 4 potions of haste
 K - 3 potions of invisibility
 M - 2 potions of ambrosia
 Q - a potion of cancellation
 W - a potion of might
Miscellaneous
 I - a crystal ball of energy
   (You found it on level 12 of the Dungeon)
 L - 2 phantom mirrors
 V - a fan of gales
   (You found it on level 3 of the Spider Nest)
Comestibles
 c - 32 rations
 d - 8 chunks of flesh {@w0}


   Skills:
 + Level 14.3 Fighting
 + Level 5.8(6.3) Axes
   Level 4.2(5.9) Maces & Flails
 - Level 9.5 Dodging
 - Level 5.1 Stealth
 + Level 6.3 Shields
 + Level 13.2 Spellcasting
 + Level 16.8 Conjurations
 + Level 3.2 Summonings
 + Level 5.4 Fire Magic
 - Level 8.0 Ice Magic
 - Level 5.0 Air Magic
 + Level 10.4 Earth Magic
 - Level 5.0 Evocations


You had 7 spell levels left.
You knew the following spells:

 Your Spells              Type           Power        Failure   Level  Hunger
a - Magic Dart            Conj           ####         0%          1    None
b - Searing Ray           Conj           ######       0%          2    None
c - Conjure Flame         Conj/Fire      ######..     1%          3    None
d - Freezing Cloud        Conj/Ice/Air   ######....   2%          6    ####...
e - Summon Lightning Spi  Summ/Air       #####...     6%          4    None
f - Iron Shot             Conj/Erth      #######...   1%          6    ####...
g - Orb of Destruction    Conj           #######...   1%          7    ######.
h - Spellforged Servitor  Conj/Summ      ######....   13%         7    ######.

Your spell library contained the following spells:

 Spells                   Type           Power        Failure   Level  Hunger
 Ignition                 Fire           #####.....   99%         8    #######
 Shatter                  Erth           ######....   100%        9    #######
 Tornado                  Air            #####.....   100%        9    #######
 Foxfire                  Conj/Fire      ####         1%          1    None
 Shock                    Conj/Air       ####         1%          1    None
 Summon Small Mammal      Summ           ####         1%          1    None
 Call Imp                 Summ           #####...     1%          2    None
 Ensorcelled Hibernation  Hex/Ice        #####.       1%          2    None
 Poisonous Vapours        Pois/Air       ####..       1%          2    None
 Swiftness                Chrm/Air       ####....     1%          2    None
 Dazzling Flash           Conj/Hex       ######       1%          3    None
 Inner Flame              Hex/Fire       ####....     1%          3    None
 Mephitic Cloud           Conj/Pois/Air  ######..     1%          3    None
 Static Discharge         Conj/Air       ######..     1%          3    None
 Airstrike                Air            #####.....   1%          4    None
 Fulminant Prism          Conj/Hex       ######....   1%          4    None
 Iskenderun's Mystic Bla  Conj/Tloc      ######..     1%          4    None
 Sticky Flame             Conj/Fire      ######..     1%          4    None
 Bolt of Magma            Conj/Fire/Erth ######....   1%          5    ##.....
 Fireball                 Conj/Fire      ######....   1%          5    ##.....
 Iskenderun's Battlesphe  Conj/Chrm      ######..     1%          5    ##.....
 Lightning Bolt           Conj/Air       ######....   1%          5    ##.....
 Call Canine Familiar     Summ           #####...     2%          3    None
 Ozocubu's Armour         Chrm/Ice       #####...     2%          3    None
 Beastly Appendage        Tmut           ###...       3%          1    None
 Summon Ice Beast         Ice/Summ       ######..     3%          4    None
 Song of Slaying          Chrm           ###.....     6%          2    None
 Summon Guardian Golem    Hex/Summ       ####....     6%          3    None
 Spider Form              Tmut/Pois      ###.......   11%         3    None
 Borgnjor's Vile Clutch   Necr/Erth      #####.....   12%         5    ##.....
 Yara's Violent Unravell  Hex/Tmut       ###.......   24%         5    ##.....
 Cause Fear               Hex            ###.......   32%         4    None
 Silence                  Hex/Air        ####......   32%         5    ##.....
 Shadow Creatures         Summ           N/A          78%         6    ####...
 Deflect Missiles         Chrm/Air       ####......   86%         6    ####...
 Darkness                 Hex            ###.......   99%         6    ####...
 Ring of Flames           Chrm/Fire      ####......   100%        7    ######.
 Lehudib's Crystal Spear  Conj/Erth      #######...   22%         8    #######
 Chain Lightning          Conj/Air       ######....   50%         8    #######
 Glaciate                 Conj/Ice       ######....   98%         9    #######
 Fire Storm               Conj/Fire      ######....   99%         9    #######
 Discord                  Hex            ###.......   100%        8    #######


Dungeon Overview and Level Annotations

Branches:
Dungeon (15/15)            Temple (1/1) D:4            Lair (6/6) D:9
 Shoals (3/4) Lair:3       Spider (3/4) Lair:2        Slime (0/5) Lair:6
    Orc (2/2) D:10            Elf (0/3) Orc:2        Vaults (0/5) D:13
 Depths (0/5) D:15        Ossuary (visited)          Bailey (visited)
  IceCv (visited)

Altars:
Ashenzari
Cheibriados
Dithmenos
Elyvilon
Fedhas
Gozag
Hepliaklqana
Kikubaaqudgha
Makhleb
Nemelex Xobeh
Okawaru
Qazlal
Ru
Sif Muna
Trog
Uskayaw
Vehumet
Wu Jian
Xom
Yredelemnul
Zin
The Shining One
Beogh
Jiyva

Shops:
D:9 *   D:13 :   D:14 *   Orc:2 [[!!   Shoals:2 }

Annotations:
D:3 GOOD LOOT HERE
Shoals:3 Polyphemus
Spider:1 Roxanne
Spider:3 3 runed translucent doors, Verikaur's ghost, adept NaWn


Innate Abilities, Weirdness & Mutations

You are resistant to torment.
Your stone body is resilient. (AC +13)
You are immune to poison.
Your large and strong wings let you fly indefinitely.
You resist negative energy. (rN+)
You are resistant to electric shocks. (rElec)
You can survive without breathing.
You are immune to petrification.
You are immune to rotting.


Message History

Unknown command.
Unknown command.
Unknown command.
Unknown command.
Unknown command.
Unknown command.
Unknown command.
Unknown command.
Unknown command.
Unknown command.
Unknown command.
Unknown command.
Spoiler Alert: The death yak can hit for high damage in melee!
Unknown command.
Casting: Orb of Destruction (safe; 1% risk of failure)
Confirm with . or Enter, or press ? or * to list all spells.
Aiming: Freezing Cloud (safe; 3% risk of failure)
Press: ? - help, Dir - move target cursor You are feeling hungry.
The dream sheep is engulfed in freezing vapours. x2
You now have 18/35 mp.
Spoiler Alert: The death yak can hit for high damage in melee!
The dream sheep is engulfed in freezing vapours.
You kill the dream sheep!
Vehumet accepts your kill.
You feel your power returning.
The death yak is engulfed in freezing vapours.
You regained 2 mp, and now have 20/35 mp.
Spoiler Alert: The death yak can hit for high damage in melee!
The death yak is engulfed in freezing vapours.
Polyphemus throws a large rock.
The large rock hits you but does no damage.
You hear a splash.
Unknown command.
Unknown command.
Spoiler Alert: The death yak can hit for high damage in melee!
Unknown command.
Unknown command.
Unknown command.
Unknown command.
Unknown command.
Casting: Freezing Cloud (safe; 3% risk of failure)
Confirm with . or Enter, or press ? or * to list all spells.
Aiming: Iron Shot (safe; 1% risk of failure)
Press: ? - help, Shift-Dir - straight line, f - dream sheep
Aim: a dream sheep (severely wounded)
The iron shot hits the dream sheep!!!
You kill the dream sheep!
Vehumet accepts your kill.
The dream sheep is engulfed in freezing vapours.
The death yak is engulfed in freezing vapours.
You now have 15/35 mp.
Spoiler Alert: The death yak can hit for high damage in melee!
Casting: Iron Shot (safe; 1% risk of failure)
Confirm with . or Enter, or press ? or * to list all spells.
Aiming: Iron Shot (safe; 1% risk of failure)
Press: ? - help, Shift-Dir - straight line, f - death yak
Aim: a death yak (moderately wounded)
The iron shot hits the death yak!!
The death yak is severely wounded.
The sentinel's mark upon you fades away.
The dream sheep is engulfed in freezing vapours.
You now have 9/35 mp.
Spoiler Alert: The death yak can hit for high damage in melee!
Casting: Iron Shot (safe; 1% risk of failure)
Confirm with . or Enter, or press ? or * to list all spells.
Aiming: Iron Shot (safe; 1% risk of failure)
Press: ? - help, Shift-Dir - straight line, f/p - death yak
Aim: a death yak (severely wounded)
The iron shot hits the death yak!!!
You kill the death yak!
Vehumet accepts your kill.
You feel your power returning.
You are feeling very hungry.
The dream sheep is engulfed in freezing vapours.
You kill the dream sheep!
Vehumet accepts your kill.
You feel your power returning.
Polyphemus is engulfed in freezing vapours.
Polyphemus throws a large rock.
You block the large rock.
You hear a splash.
A merfolk comes into view. It is wielding a +0 trident.
Polyphemus is engulfed in freezing vapours.
Polyphemus throws a large rock.
The large rock hits you but does no damage.
You hear a splash.
Spoiler Alert: The catoblepas can petrify you with its breath!
Unknown command.
Unknown command.
As you read the scroll of teleportation, it crumbles to dust.
You feel strangely unstable.
Polyphemus is engulfed in freezing vapours.
Polyphemus throws a large rock.
The large rock hits you!!
* * * LOW HITPOINT WARNING * * *
You hear a splash.
You take 27 damage, and have 26/117 hp.
MASSIVE DAMAGE!!
You now have 5/35 mp.
Spoiler Alert: The catoblepas can petrify you with its breath!
Polyphemus is engulfed in freezing vapours.
Polyphemus throws a large rock.
The large rock hits you!!
You die...

≈≈≈≈≈≈≈≈≈.#.≈≈≈≈≈#
≈≈≈≈≈≈≈≈≈...§≈≈≈≈#
≈≈≈≈≈≈≈≈≈.C§§≈≈≈≈#
≈≈≈≈≈≈≈.≈≈#☼§≈≈≈≈#
≈≈≈≈≈....≈#§§≈≈≈≈#
≈≈≈......≈#.≈≈≈≈≈#
..........#.≈≈≈≈≈#
.........Y.≈≈≈≈≈#
......≈...≈≈≈≈@#
.....≈≈≈#.≈≈≈≈≈#
≈≈##.≈≈≈≈≈#
..(.≈≈≈≈≈#
≈≈≈≈≈≈≈≈≈#
≈≈≈≈≈≈≈≈≈#
≈≈≈≈≈≈≈≈≈#
≈≈≈≈≈≈≈≈≈#


You could see Polyphemus and a catoblepas.

Vanquished Creatures
  Jorgrun (Spider:3)
  A kraken (Shoals:2)
  Kirke (Lair:4)
  3 orc warlords
  A frost giant (Shoals:1)
  2 ghost moths
  An emperor scorpion (Spider:1)
  Louise (D:14)
  Aizul (Shoals:2)
  A stone giant (Shoals:1)
  A spark wasp (Spider:3)
  Snorg (Lair:3)
  Josephine (D:10)
  An ogre mage (Orc:1)
  Harold (D:8)
  A merfolk impaler (Shoals:2)
  A great orb of eyes (D:14)
  Erolcha (Orc:1)
  A yaktaur captain (D:15)
  4 hydras
  2 vault guards (D:13)
  A merfolk avatar (Shoals:1)
  6 centaur warriors
  An alligator snapping turtle (Shoals:3)
  A satyr (Shoals:2)
  3 death yaks
  10 two-headed ogres
  4 orc high priests (Orc:2)
  Nergalle (Lair:4)
  2 fire crabs (Shoals:2)
  3 unseen horrors
  3 sea snakes
  A wizard (D:13)
  12 orb spiders
  10 harpies
  10 orc knights
  A wolf spider zombie (D:15)
  4 ugly things
  Pikel (D:8)
  2 deep elf magi
  An oklob plant (Lair:6)
  28 wolf spiders
  5 orc sorcerers (Orc:2)
  10 manticores
  4 fauns
  12 cyclopes
  6 elephants
  2 moths of wrath (Spider:3)
  2 black mambas (Lair:5)
  4 merfolk sirens
  Maurice (D:8)
  A torpor snail (Spider:2)
  2 ice statues (IceCv)
  2 gargoyles
  2 water nymphs
  25 spiny frogs
  2 kobold demonologists
  A yaktaur (shapeshifter) (D:14)
  Maggie (D:8)
  2 komodo dragons
  2 rime drakes (Lair:4)
  2 yaktaurs
  11 demonic crawlers
  6 trolls
  A queen bee (D:15)
  13 merfolk
  A tengu conjurer (D:13)
  A polar bear (Lair:5)
  A meliai (shapeshifter) (D:13)
  A wind drake (Shoals:3)
  3 meliai (D:15)
  3 hornets
  32 jumping spiders
  5 tyrant leeches (Lair:6)
  13 dream sheep
  4 slime creatures (D:15)
  22 blink frogs
  8 hippogriffs
  5 snapping turtles
  Sigmund (D:5)
  A vampire (D:14)
  2 shadows
  2 water elementals
  44 redbacks
  A spriggan (shapeshifter) (D:14)
  21 tarantellas
  3 basilisks
  4 wraiths (D:10)
  A human (shapeshifter) (D:14)
  A fire bat (Shoals:2)
  41 yaks
  4 hogs
  2 hungry ghosts
  8 vampire mosquitoes
  4 wargs
  2 soldier ants
  7 water moccasins
  An acid dragon (D:14)
  5 porcupines
  Duvessa (D:7)
  2 sky beasts
  50 orc warriors
  7 ice beasts
  A slave (D:8)
  3 eyes of draining
  3 phantoms
  3 wolves (Lair:4)
  15 centaurs
  18 ogres
  A centaur (shapeshifter) (D:13)
  15 crocodiles
  12 big kobolds
  23 bullfrogs
  A wyvern zombie (D:12)
  A gnoll sergeant (D:7)
  Dowan (D:7)
  2 wyvern skeletons
  6 scorpions
  12 killer bees (D:15)
  2 wights (D:14)
  An electric eel (Lair:3)
  3 howler monkeys
  A bullfrog zombie (D:9)
  6 crimson imps
  4 hounds
  9 jellies
  37 orc priests
  26 orc wizards
  A bullfrog skeleton (D:8)
  Crazy Yiuf (D:2)
  Jessica (D:2)
  4 centaur skeletons
  Terence (D:2)
  3 iguanas
  5 hell rats (Lair:5)
  8 worker ants
  7 big kobold zombies (Ossuary)
  A hound zombie (D:7)
  A mummy (Ossuary)
  17 adders
  25 gnolls
  A howler monkey skeleton (D:3)
  3 shadow imps
  12 white imps (D:14)
  6 oozes
  An adder skeleton (D:5)
  4 worms
  3 dart slugs
  6 leopard geckos
  115 orcs
  6 spectral bats (Ossuary)
  5 bats
  8 giant cockroaches
  28 goblins
  23 hobgoblins
  3 jackals
  16 kobolds
  4 quokkas
  2 ball pythons
  3 frilled lizards
  5 gnoll zombies (Ossuary)
  2 goblin simulacra (Ossuary)
  4 goblin zombies (Ossuary)
  8 hobgoblin zombies (Ossuary)
  6 kobold simulacra (Ossuary)
  4 kobold zombies (Ossuary)
  2 orc zombies (Ossuary)
  A quokka skeleton (D:4)
  4 rats
  3 rat simulacra (Ossuary)
  A rat zombie (D:8)
  2 spectral goblins (Ossuary)
  5 spectral kobolds (Ossuary)
  A spectral rat (Ossuary)
  A bush (Lair:5)
  5 fungi
  21 plants
1171 creatures vanquished.

Vanquished Creatures (collateral kills)
  Arachne (Spider:2)
  A hydra (D:12)
  A centaur warrior (D:14)
  A deep elf archer (D:13)
  A wolf spider (Spider:1)
  5 elephants (Lair:6)
  A spiny frog (Lair:6)
  A torpor snail (Lair:5)
  2 jumping spiders
  A dream sheep (Lair:5)
  A hippogriff (Lair:5)
  A blink frog (Lair:6)
  A hog (Lair:4)
  A tarantella (Spider:2)
  6 yaks
  2 vampire mosquitoes
  3 orc warriors
  2 ice beasts (IceCv)
  A centaur (D:14)
  5 big kobolds (Orc:1)
  A bullfrog (Lair:6)
  A wight (D:14)
  2 hell rats (Lair:5)
  9 orcs (Orc:2)
  A kobold (Orc:1)
52 creatures vanquished.

Vanquished Creatures (others)
  2 slaves (D:8)
  A goblin (Bailey)
  A kobold zombie (D:8)
  8 fungi
  46 plants
  4 tentacles (Shoals:2)
62 creatures vanquished.

Grand Total: 1285 creatures vanquished

Notes
Turn   | Place    | Note
-------+----------+-------------------------------------------
     0 | D:1      | Mgcat the Gargoyle Conjurer began the quest for the Orb.
     0 | D:1      | Reached XP level 1. HP: 10/10 MP: 3/3
   110 | D:1      | HP: 2/10 [ooze (1)]
   411 | D:1      | Reached XP level 2. HP: 15/15 MP: 1/5
   635 | D:1      | Learned a level 2 spell: Searing Ray
   873 | D:1      | Reached XP level 3. HP: 19/19 MP: 3/6
   954 | D:1      | Found a shimmering altar of Xom.
  1051 | D:1      | Reached skill level 3 in Stealth
  1499 | D:2      | Noticed Terence
  1777 | D:2      | Noticed Jessica
  1862 | D:2      | Found a runed translucent door.
  1863 | D:2      | Noticed Crazy Yiuf
  1870 | D:2      | Killed Crazy Yiuf
  1870 | D:2      | Reached skill level 5 in Conjurations
  1870 | D:2      | Reached XP level 4. HP: 24/24 MP: 2/8
  1992 | D:2      | Killed Jessica
  1992 | D:2      | Reached skill level 3 in Spellcasting
  2081 | D:2      | Killed Terence
  2081 | D:2      | Reached XP level 5. HP: 28/28 MP: 4/9
  2157 | D:3      | Reached skill level 4 in Stealth
  2528 | D:3      | Reached XP level 6. HP: 32/32 MP: 2/11
  3189 | D:4      | Reached skill level 6 in Conjurations
  3427 | D:4      | Reached skill level 5 in Stealth
  3427 | D:4      | Reached skill level 4 in Spellcasting
  3671 | D:4      | Reached XP level 7. HP: 36/36 MP: 10/13
  3965 | D:4      | Found a shadowy altar of Dithmenos.
  4024 | D:4      | Found a staircase to the Ecumenical Temple.
  4030 | Temple   | Entered the Ecumenical Temple
  4126 | Temple   | Became a worshipper of Vehumet
  4317 | D:5      | Entered Level 5 of the Dungeon
  4362 | D:5      | Reached skill level 7 in Conjurations
  4507 | D:5      | Reached skill level 5 in Spellcasting
  4530 | D:5      | Noticed Sigmund
  4542 | D:5      | Killed Sigmund
  4542 | D:5      | Reached XP level 8. HP: 30/41 MP: 5/16
  4852 | D:5      | Reached skill level 1 in Shields
  5085 | D:5      | Reached skill level 2 in Shields
  5085 | D:5      | Reached skill level 8 in Conjurations
  5701 | D:6      | You fall into a shaft and drop 1 floor!
  5727 | D:7      | Noticed Duvessa
  5727 | D:7      | Noticed Dowan
  5741 | D:7      | Killed Duvessa
  5741 | D:7      | Reached * piety under Vehumet
  5741 | D:7      | Offered knowledge of Shock by Vehumet.
  5741 | D:7      | Reached skill level 6 in Spellcasting
  5742 | D:7      | Killed Dowan
  5839 | D:7      | Reached skill level 3 in Shields
  6095 | D:6      | Found a glowing golden altar of the Shining One.
  6107 | D:6      | Found a snail-covered altar of Cheibriados.
  6251 | D:7      | Reached XP level 9. HP: 45/45 MP: 12/18
  6435 | D:7      | Reached skill level 4 in Shields
  6645 | D:7      | Reached skill level 9 in Conjurations
  6744 | D:7      | Found a shattered altar of Ashenzari.
  6813 | D:7      | Reached skill level 7 in Spellcasting
  7183 | D:7      | Found an ornate altar of the Wu Jian Council.
  7368 | D:8      | Noticed Maggie
  7406 | D:8      | HP: 7/45 [orc priest/divine providence (14)]
  7433 | D:8      | Noticed Maurice
  7444 | D:8      | HP: 7/45 [orc priest/divine providence (11)]
  7447 | D:8      | Found a sand-covered staircase.
  7447 | D:8      | Noticed Pikel
  7450 | Ossuary  | Entered an ossuary
  7604 | Ossuary  | Reached ** piety under Vehumet
  7608 | Ossuary  | Offered knowledge of Freeze by Vehumet.
  8120 | Ossuary  | Reached skill level 10 in Conjurations
  8370 | Ossuary  | Offered knowledge of Stone Arrow by Vehumet.
  8426 | Ossuary  | Reached *** piety under Vehumet
  8579 | D:8      | Killed Pikel
  8579 | D:8      | Reached skill level 2 in Fighting
  8579 | D:8      | Reached skill level 2 in Dodging
  8579 | D:8      | Reached skill level 8 in Spellcasting
  8584 | D:8      | Reached XP level 10. HP: 48/53 MP: 11/22
  8628 | D:8      | Offered knowledge of Inner Flame by Vehumet.
  8885 | D:8      | Found an ancient bone altar of Kikubaaqudgha.
  8887 | D:8      | Noticed Harold
  8913 | D:8      | Killed Harold
  8913 | D:8      | Reached skill level 3 in Fighting
  8913 | D:8      | Reached skill level 3 in Dodging
  9056 | D:8      | Killed Maurice
  9302 | D:8      | Killed Maggie
  9302 | D:8      | Reached skill level 4 in Fighting
  9556 | D:9      | Reached skill level 11 in Conjurations
  9656 | D:9      | Found a staircase to the Lair.
  9668 | D:9      | Reached **** piety under Vehumet
  9747 | D:9      | Reached skill level 4 in Dodging
  9826 | D:9      | Got an ichor-stained flail
  9827 | D:9      | Identified the +7 flail of Midnight {crush, rF+ Int+3} (You
                  | found it on level 9 of the Dungeon)
 10069 | D:9      | Reached skill level 9 in Spellcasting
 10094 | D:9      | Found Tusmiegh's Assorted Antiques.
 10107 | D:9      | Bought a scroll of identify for 62 gold pieces
 10159 | D:9      | Bought a crooked bronze wand for 124 gold pieces
 10180 | D:10     | Entered Level 10 of the Dungeon
 10210 | D:10     | Reached skill level 5 in Fighting
 10343 | D:10     | Found a staircase to the Orcish Mines.
 10389 | D:10     | Offered knowledge of Sticky Flame by Vehumet.
 10485 | D:10     | Reached XP level 11. HP: 64/64 MP: 19/24
 10702 | D:10     | Noticed Josephine
 10756 | D:10     | Noticed a centaur warrior
 10765 | D:10     | Killed a centaur warrior
 10775 | D:10     | Killed Josephine
 10775 | D:10     | Reached skill level 6 in Fighting
 10775 | D:10     | Reached skill level 5 in Dodging
 10797 | D:10     | HP: 14/64 [wraith[Josephine] (9)]
 10803 | D:10     | HP: 4/64 [wraith[Josephine] (4)]
 11523 | D:10     | Reached ***** piety under Vehumet
 11523 | D:10     | Offered knowledge of Airstrike by Vehumet.
 11530 | D:10     | Found a viscous altar of Jiyva.
 12047 | D:11     | Found a flagged portal.
 12052 | Bailey   | Entered a bailey
 12231 | Bailey   | Noticed an orc knight
 12252 | Bailey   | Killed an orc knight
 12446 | Bailey   | Learned a level 3 spell: Conjure Flame
 12564 | Bailey   | Noticed an orc knight
 12604 | Bailey   | HP: 11/66 [orc knight/+0 war axe (22)]
 12605 | Bailey   | Killed an orc knight
 12605 | Bailey   | Reached skill level 12 in Conjurations
 12605 | Bailey   | Reached skill level 1 in Fire Magic
 12881 | Bailey   | Noticed an orc knight
 12900 | Bailey   | Killed an orc knight
 12900 | Bailey   | Reached skill level 7 in Fighting
 13092 | Bailey   | Noticed an orc warlord
 13127 | Bailey   | Killed an orc warlord
 13127 | Bailey   | Reached skill level 10 in Spellcasting
 13127 | Bailey   | Reached skill level 2 in Fire Magic
 13127 | Bailey   | Reached XP level 12. HP: 35/72 MP: 9/26
 13339 | Bailey   | Reached skill level 6 in Dodging
 14114 | Lair:1   | Entered Level 1 of the Lair of Beasts
 14258 | Lair:1   | Reached skill level 3 in Fire Magic
 14566 | Lair:1   | Reached skill level 9 in Fighting
 14566 | Lair:1   | Reached skill level 7 in Dodging
 14566 | Lair:1   | Reached skill level 13 in Conjurations
 14566 | Lair:1   | Reached XP level 13. HP: 80/80 MP: 27/27
 14567 | Lair:1   | Reached skill level 10 in Fighting
 14567 | Lair:1   | Reached skill level 8 in Dodging
 14567 | Lair:1   | Gained mutation: Your large and strong wings let you fly
                  | indefinitely. [Gargoyle growth]
 14567 | Lair:1   | Reached XP level 14. HP: 88/88 MP: 28/28
 14689 | Lair:1   | Reached skill level 14 in Conjurations
 14693 | Lair:1   | Offered knowledge of Yara's Violent Unravelling by Vehumet.
 15100 | Lair:1   | Learned a level 6 spell: Freezing Cloud
 15427 | Lair:2   | Found a hole to the Spider Nest.
 15530 | Lair:2   | You are sucked into a shaft and drop 2 floors!
 15768 | Lair:2   | Reached skill level 1 in Air Magic
 15839 | Lair:2   | Reached skill level 1 in Ice Magic
 16443 | Lair:3   | Identified Iqoshref's Volume of Lucky Transmigration
 16566 | Lair:3   | Reached skill level 4 in Fire Magic
 17216 | Lair:3   | Found a staircase to the Shoals.
 17404 | Lair:3   | Reached skill level 2 in Ice Magic
 17438 | Lair:3   | Upgraded the game from 0.25-a0-404-gc1b5a34292 to
                  | 0.25-a0-458-g6fc7858b95
 17503 | Lair:4   | Noticed Snorg
 17517 | Lair:3   | Killed Snorg
 17732 | Lair:4   | Noticed Kirke
 17880 | Lair:4   | Reached skill level 11 in Fighting
 17880 | Lair:4   | Reached skill level 2 in Air Magic
 17889 | Lair:4   | Learned a level 4 spell: Summon Lightning Spire
 18109 | Lair:4   | Killed Kirke
 18228 | Lair:4   | Noticed Nergalle
 18283 | Lair:4   | Reached skill level 3 in Ice Magic
 18706 | Lair:4   | Got a steaming robe
 18707 | Lair:4   | Identified the cursed +0 robe of the Monk {*Drain rPois
                  | rN++ Dex+4} (You found it on level 4 of the Lair of Beasts)
 19309 | Lair:4   | Killed Nergalle
 19309 | Lair:4   | Reached skill level 9 in Dodging
 19309 | Lair:4   | Reached skill level 5 in Fire Magic
 19516 | Lair:5   | Reached skill level 3 in Air Magic
 19701 | Lair:5   | Offered knowledge of Iron Shot by Vehumet.
 19878 | Lair:5   | Reached XP level 15. HP: 95/95 MP: 14/29
 20102 | Lair:5   | Learned a level 6 spell: Iron Shot
 20191 | Lair:5   | Reached skill level 4 in Ice Magic
 20444 | Lair:5   | Reached skill level 11 in Spellcasting
 20444 | Lair:5   | Reached skill level 1 in Earth Magic
 20647 | Lair:6   | Entered Level 6 of the Lair of Beasts
 20795 | Lair:6   | Reached skill level 1 in Maces & Flails
 20875 | Lair:6   | Got a spiked scale mail
 20876 | Lair:6   | Identified the cursed +0 scale mail of Exclusion {rElec
                  | Dex+7 Slay-2} (You found it on level 6 of the Lair of
                  | Beasts)
 20936 | Lair:6   | Reached skill level 2 in Earth Magic
 21277 | Lair:6   | Reached skill level 2 in Maces & Flails
 21435 | Lair:6   | Found a staircase to the Slime Pits.
 21505 | Lair:6   | Reached skill level 4 in Air Magic
 21544 | Lair:6   | Reached skill level 3 in Earth Magic
 21888 | Lair:6   | Reached skill level 5 in Ice Magic
 22568 | Orc:1    | Entered Level 1 of the Orcish Mines
 22576 | Orc:1    | Noticed Erolcha
 22581 | Orc:1    | Offered knowledge of Conjure Ball Lightning by Vehumet.
 22582 | Orc:1    | Reached skill level 3 in Maces & Flails
 22588 | Orc:1    | Killed Erolcha
 22792 | Orc:1    | Reached skill level 4 in Earth Magic
 22793 | Orc:1    | Reached skill level 1 in Evocations
 22795 | Orc:1    | Reached skill level 12 in Fighting
 22796 | Orc:1    | Reached skill level 15 in Conjurations
 23170 | Orc:2    | Entered Level 2 of the Orcish Mines
 23234 | Orc:2    | Reached skill level 2 in Evocations
 23684 | Orc:2    | Found a roughly hewn altar of Beogh.
 23735 | Orc:2    | Reached XP level 16. HP: 67/101 MP: 6/31
 23952 | Orc:2    | Found Igumporu's Distillery.
 23959 | Orc:2    | Reached skill level 4 in Maces & Flails
 24106 | Orc:2    | Found Kyquat's Distillery.
 24367 | Orc:2    | Reached ****** piety under Vehumet
 24462 | Orc:2    | Reached skill level 5 in Air Magic
 24462 | Orc:2    | Reached skill level 5 in Earth Magic
 24800 | Orc:2    | Found a staircase to the Elven Halls.
 24927 | Orc:2    | Got a pitted war axe
 24928 | Orc:2    | Identified the +12 war axe "Iteats" {drain, Int+2 SInv
                  | Stlth+} (You found it on level 2 of the Orcish Mines)
 25039 | Orc:2    | Found Efyneo's Antique Armour Boutique.
 25041 | Orc:2    | Offered knowledge of Ozocubu's Refrigeration by Vehumet.
 25162 | Orc:2    | Found a roughly hewn altar of Beogh.
 25175 | Orc:2    | Reached skill level 1 in Axes
 25175 | Orc:2    | Reached skill level 3 in Evocations
 25468 | Orc:2    | Found Idoich's Armour Shoppe.
 25835 | Orc:2    | Bought a pair of translucent gloves for 370 gold pieces
 25835 | Orc:2    | Identified the +1 pair of gloves "Turghelol" {rElec rF+ rC-
                  | Str+7} (You bought it in a shop on level 2 of the Orcish
                  | Mines)
 25840 | Orc:2    | Bought an embroidered cloak for 292 gold pieces
 26111 | D:3      | Upgraded the game from 0.25-a0-458-g6fc7858b95 to
                  | 0.25-a0-474-ga8a2ee3166
 26950 | D:12     | Reached skill level 2 in Axes
 27142 | D:13     | Reached skill level 6 in Earth Magic
 27478 | D:13     | Found a gate to the Vaults.
 27880 | D:13     | Found Toys Mong's Book Boutique.
 28168 | D:11     | Offered knowledge of Orb of Destruction by Vehumet.
 28177 | D:11     | Learned a level 7 spell: Orb of Destruction
 28301 | D:14     | Found a frozen archway.
 28330 | IceCv    | Entered an ice cave
 28338 | IceCv    | Reached skill level 4 in Evocations
 28345 | IceCv    | Found a transporter.
 28361 | IceCv    | Found a transporter.
 28376 | IceCv    | HP: 22/103 [ice statue] (4)]
 28378 | IceCv    | HP: 9/103 [ice statue] (8)]
 28380 | IceCv    | HP: 3/103 [ice beast[an ice statue] (2)]
 28380 | IceCv    | HP: 1/103 [ice beast[an ice statue] (2)]
 28393 | IceCv    | HP: 25/103 [ice statue] (6)]
 29285 | D:14     | Noticed Louise
 29295 | D:14     | Killed Louise
 29444 | D:14     | Reached skill level 3 in Axes
 29458 | D:14     | Reached skill level 12 in Spellcasting
 29499 | D:14     | Got a polished helmet
 29563 | D:14     | Identified the +0 helmet of Uskayaw's Displeasure {rF+ rN+
                  | Str+3} (You found it on level 14 of the Dungeon)
 29941 | D:14     | Found Rocan's Assorted Antiques.
 29947 | D:14     | Bought a scroll labeled YTTAWO NOATAXKEUCA for 37 gold
                  | pieces
 30181 | D:15     | Entered Level 15 of the Dungeon
 30584 | D:15     | Reached skill level 7 in Earth Magic
 30811 | D:15     | Reached skill level 6 in Ice Magic
 30818 | D:15     | Reached skill level 13 in Fighting
 31080 | D:15     | Found a staircase to the Depths.
 31191 | D:15     | Reached XP level 17. HP: 107/108 MP: 33/33
 31192 | D:15     | Upgraded the game from 0.25-a0-474-ga8a2ee3166 to
                  | 0.25-a0-502-g6516661a7a
 31252 | D:15     | Offered knowledge of Starburst by Vehumet.
 31763 | D:15     | Found a shimmering blue altar of Sif Muna.
 32364 | Spider:1 | Entered Level 1 of the Spider Nest
 32590 | Spider:1 | Reached skill level 5 in Evocations
 32593 | Spider:1 | Reached skill level 4 in Axes
 33214 | Spider:1 | Reached skill level 8 in Earth Magic
 33500 | Spider:1 | Identified Roxanne's Tome of Shape Shifting
 33500 | Spider:1 | Noticed Roxanne
 33821 | Spider:1 | Reached skill level 16 in Conjurations
 34396 | Spider:2 | Noticed Arachne
 34422 | Spider:2 | Killed Arachne
 34508 | Spider:2 | Upgraded the game from 0.25-a0-502-g6516661a7a to
                  | 0.25-a0-591-g2ad0d861f1
 34525 | Spider:2 | Reached skill level 7 in Ice Magic
 34574 | Spider:2 | Offered knowledge of Shatter by Vehumet.
 34574 | Spider:2 | Offered knowledge of Tornado by Vehumet.
 34574 | Spider:2 | Offered knowledge of Ignition by Vehumet.
 35145 | Spider:2 | Reached skill level 5 in Axes
 35882 | Spider:3 | Reached skill level 9 in Earth Magic
 37455 | Spider:3 | Reached XP level 18. HP: 107/116 MP: 2/34
 37696 | Spider:3 | Noticed Jorgrun
 37700 | Spider:3 | Killed Jorgrun
 37747 | Spider:3 | Found a runed translucent gate.
 37747 | Spider:3 | Found a runed translucent gate.
 37747 | Spider:3 | Found a runed translucent gate.
 37747 | Spider:3 | Noticed Verikaur's ghost (adept NaWn)
 38137 | Shoals:1 | Entered Level 1 of the Shoals
 38175 | Shoals:1 | Learned a level 7 spell: Spellforged Servitor
 38462 | Shoals:1 | Reached skill level 8 in Ice Magic
 38829 | Shoals:1 | Reached skill level 1 in Summonings
 38867 | Shoals:1 | Reached skill level 5 in Shields
 38959 | Shoals:1 | Reached skill level 14 in Fighting
 39719 | Shoals:2 | Found Hobloos's Gadget Shoppe.
 39729 | Shoals:2 | Reached skill level 2 in Summonings
 39858 | Shoals:2 | Reached skill level 13 in Spellcasting
 39859 | Shoals:2 | Reached skill level 10 in Earth Magic
 40272 | Shoals:2 | Noticed Aizul
 40669 | Shoals:2 | Killed Aizul
 41183 | Shoals:3 | Reached skill level 6 in Shields
 41313 | Shoals:3 | Reached skill level 3 in Summonings
 41757 | Shoals:3 | Noticed Polyphemus
 41932 | Shoals:3 | HP: 26/117 [Polyphemus/large rock (27)]
 41933 | Shoals:3 | Hit by a large rock thrown by Polyphemus

Levels and vault maps discovered:
D:1:      sevenhm_arrival_forest_fort_large_4, layout_loops_ring,
          xom_teletrap_fun
D:2:      layout_basic, uniq_jessica, uniq_terence, uniq_crazy_yiuf_cottage
D:3:      layout_loops_ring, first_ration, moated_statue, due_unseen_surprise
D:4:      layout_cave_pools, nicolae_dithmenos_shadow_blocks,
          minmay_temple_entry_statues_pillars
D:5:      layout_loops_ring, serial_glass, glass_columns_a, glass_columns_c,
          uniq_sigmund
D:6:      layout_cave_pools, tso_oasis_becter, kennysheep_mini
D:7:      layout_basic, kennysheep_mini_moat, ashenzari_conservatory_becter,
          uniq_duvessa
D:8:      layout_loops_cross, kiku_gazebo_pond_becter, enter_ossuary_3,
          uniq_harold, uniq_maggie, uniq_maurice, uniq_pikel
D:9:      layout_basic, erik_lair_orcish_takeover, serial_shops, shop_coins
D:10:     layout_loops_ring, david_orc_3, serial_rivers,
          chequers_serial_rivers_small_a, chequers_serial_rivers_room_b,
          chequers_serial_rivers_small_b, chequers_serial_rivers_micro_b,
          chequers_serial_rivers_micro_b, chequers_serial_rivers_micro_d,
          hangedman_little_slice_of_home, minmay_misc_feat_cross,
          chequers_serial_rivers_small_b, uniq_josephine
D:11:     layout_stronghold, enter_bailey_3
D:12:     layout_loops_ring
D:13:     layout_small_grid, grunt_vaults_entry_fortified, serial_shops,
          nicolae_shop_window_shopping
D:14:     minmay_the_grid_four_pointed_star
          [minmay_the_grid_triangle_9x9_zippers_horizontal,
          minmay_the_grid_triangle_9x9_corruption,
          minmay_the_grid_triangle_9x9_limited_checkers,
          minmay_the_grid_triangle_9x9_empty,
          minmay_the_grid_prize_four_corners], layout_layer_cave,
          minmay_staircase_statues, serial_shops, shop,
          portal_ice_cave_entry_imps, uniq_louise
D:15:     grunt_enter_depths_snipers, layout_loops_ring, lemuel_blue_sif_altar,
          special_room [special_room_bee], minmay_misc_feat_tower
Temple:   lightli_temple_of_artemis
Lair:1:   layout_small_grid, lemuel_old_faithful
Lair:2:   layout_roguey, nicolae_spider_entry_non_spiders, grunt_megastairs_1
Lair:3:   layout_layer_cave, minmay_shoals_entry_hut, grunt_megastairs_4
Lair:4:   layout_layer_cave, uniq_kirke, uniq_nergalle, uniq_snorg
Lair:5:   layout_roguey, beast_lair_carwin_1
Lair:6:   minmay_lair_end_frog_pond, layout_regular_city,
          minmay_slime_entry_pillars
Shoals:1: layout_shoals, st_shoals_ruin
Shoals:2: layout_shoals, serial_shops, nicolae_shop_waterfront,
          hangedman_shoal_volcano, uniq_aizul
Shoals:3: layout_shoals, serial_shops, shop_statue,
          nicolae_shoals_square_sea_wall, uniq_polyphemus
Spider:1: layout_chambers, uniq_roxanne
Spider:2: layout_spider_delve, uniq_arachne
Spider:3: layout_spider_delve, ebering_ghost_rock_garden, uniq_jorgrun
Orc:1:    layout_caves, special_room [special_room_kobold], uniq_erolcha
Orc:2:    pubby_orc_utopia

Skill      XL: |  1  2  3  4  5  6  7  8  9 10 11 12 13 14 15 16 17 18 |
---------------+-------------------------------------------------------+-----
Stealth        | 3 4 5 |  5.1
Conjurations   | 5 6 7 8 10 11 12 13 14 15 16 | 16.8
Spellcasting   | 3 4 5 6 8 9 10 11 12 13 | 13.2
Shields        | 3 4 6 |  6.3
Fighting       | 2 5 7 9 10 11 12 13 14 | 14.3
Dodging        | 2 4 5 7 8 9 |  9.5
Fire Magic     | 2 3 5 |  5.4
Air Magic      | 3 4 5 |  5.0
Ice Magic      | 3 5 6 7 8 |  8.0
Earth Magic    | 4 7 9 10 | 10.4
Maces & Flails | 3 4 |  4.2
Evocations     | 2 4 5 |  5.0
Axes           | 3 5 |  5.8
Summonings     | 3 |  3.2

Action                   |  1- 3 |  4- 6 |  7- 9 | 10-12 | 13-15 | 16-18 || total
-------------------------+-------+-------+-------+-------+-------+-------++-------
Melee: Unarmed           |     3 |       |       |       |       |       ||     3
       Dagger            |    31 |       |       |       |       |       ||    31
       Flail             |       |       |   166 |    78 |   270 |    80 ||   594
       War axe           |       |       |       |       |       |   865 ||   865
 Cast: Magic Dart        |    71 |    63 |   156 |   137 |    61 |     4 ||   492
       Searing Ray       |     1 |    15 |    58 |   138 |    90 |     4 ||   306
       Conjure Flame     |       |       |       |     4 |     5 |     2 ||    11
       Freezing Cloud    |       |       |       |       |    89 |    99 ||   188
       Summon Lightning  |       |       |       |       |    29 |    29 ||    58
       Iron Shot         |       |       |       |       |    17 |   114 ||   131
       Orb of Destructio |       |       |       |       |       |    48 ||    48
 Abil: Fly               |       |       |       |       |     1 |     1 ||     2
       Stop Flying       |       |       |       |       |       |     1 ||     1
Evoke: Wand              |       |       |     5 |     2 |     1 |     3 ||    11
  Use: Scroll            |       |     4 |    18 |    10 |     9 |    18 ||    59
       Potion            |       |       |     4 |     5 |     1 |     8 ||    18
 Stab: Sleeping          |       |       |     9 |     2 |     1 |    32 ||    44
       Paralysed         |       |       |     5 |       |       |       ||     5
       Distracted        |       |       |       |       |     6 |     4 ||    10
       Invisible         |       |       |       |       |       |     2 ||     2
  Eat: Chunk             |     4 |     5 |    13 |    20 |    44 |    78 ||   164
       Ration            |       |       |     1 |       |     5 |    12 ||    18
Armor: Robe              |     2 |     3 |    91 |    80 |   146 |   719 ||  1041
Dodge: Dodged            |     7 |     4 |   149 |   138 |   370 |  1015 ||  1683
Block: Buckler           |     1 |     1 |    64 |    45 |   123 |   188 ||   422
       Kite shield       |       |       |       |       |       |   242 ||   242

Table legend:
 A = Non-vault XP
 B = Vault XP
 C = Vault XP percentage of total XP
 D = Non-vault monster count
 E = Vault monster count
 F = Vault count percentage of total count
                 A         B        C        D         E       F
            +---------+---------+-------+---------+---------+-------
      Total |  161599 |   93188 |  36.6 |     702 |     492 |  41.2
            +---------+---------+-------+---------+---------+-------
        D:1 |      42 |       0 |   0.0 |      23 |       0 |   0.0
        D:2 |      33 |     113 |  77.4 |      10 |       3 |  23.1
        D:3 |     238 |       0 |   0.0 |      29 |       0 |   0.0
        D:4 |     476 |       0 |   0.0 |      19 |       0 |   0.0
        D:5 |     525 |     227 |  30.2 |      29 |       1 |   3.3
        D:6 |     273 |       0 |   0.0 |       4 |       0 |   0.0
        D:7 |    1102 |     211 |  16.1 |      28 |       2 |   6.7
        D:8 |    1307 |    2246 |  63.2 |      24 |       4 |  14.3
        D:9 |     814 |     545 |  40.1 |      14 |       7 |  33.3
       D:10 |    2238 |    2387 |  51.6 |      28 |      18 |  39.1
       D:11 |    1338 |       8 |   0.6 |      24 |       4 |  14.3
       D:12 |    3706 |       0 |   0.0 |      23 |       0 |   0.0
       D:13 |    3488 |    5614 |  61.7 |      19 |      10 |  34.5
       D:14 |    5981 |    5141 |  46.2 |      21 |      23 |  52.3
       D:15 |    8865 |    4239 |  32.3 |      22 |      19 |  46.3
     Lair:1 |    3737 |       0 |   0.0 |      20 |       0 |   0.0
     Lair:2 |    1865 |     673 |  26.5 |      11 |       9 |  45.0
     Lair:3 |    4046 |    1824 |  31.1 |      13 |       4 |  23.5
     Lair:4 |    7900 |    3630 |  31.5 |      29 |       6 |  17.1
     Lair:5 |    7183 |    2089 |  22.5 |      40 |       8 |  16.7
     Lair:6 |    6929 |   12604 |  64.5 |      20 |      52 |  72.2
   Shoals:1 |    8538 |    6832 |  44.5 |      21 |       9 |  30.0
   Shoals:2 |   11817 |    5507 |  31.8 |      21 |      10 |  32.3
   Shoals:3 |   12253 |    1737 |  12.4 |      24 |       2 |   7.7
   Spider:1 |   21179 |       0 |   0.0 |      58 |       0 |   0.0
   Spider:2 |   15895 |    2965 |  15.7 |      42 |       1 |   2.3
   Spider:3 |   21074 |    2822 |  11.8 |      59 |       1 |   1.7
      Orc:1 |    8757 |    2676 |  23.4 |      27 |      21 |  43.8
      Orc:2 |       0 |   20889 | 100.0 |       0 |     144 | 100.0
    Ossuary |       0 |     265 | 100.0 |       0 |      56 | 100.0
     Bailey |       0 |    5502 | 100.0 |       0 |      68 | 100.0
      IceCv |       0 |    2442 | 100.0 |       0 |      10 | 100.0
            +---------+---------+-------+---------+---------+-------

Levels and vault maps discovered:
D:1:      sevenhm_arrival_forest_fort_large_4, layout_loops_ring,
          xom_teletrap_fun
D:2:      layout_basic, uniq_jessica, uniq_terence, uniq_crazy_yiuf_cottage
D:3:      layout_loops_ring, first_ration, moated_statue, due_unseen_surprise
D:4:      layout_cave_pools, nicolae_dithmenos_shadow_blocks,
          minmay_temple_entry_statues_pillars
D:5:      layout_loops_ring, serial_glass, glass_columns_a, glass_columns_c,
          uniq_sigmund
D:6:      layout_cave_pools, tso_oasis_becter, kennysheep_mini
D:7:      layout_basic, kennysheep_mini_moat, ashenzari_conservatory_becter,
          uniq_duvessa
D:8:      layout_loops_cross, kiku_gazebo_pond_becter, enter_ossuary_3,
          uniq_harold, uniq_maggie, uniq_maurice, uniq_pikel
D:9:      layout_basic, erik_lair_orcish_takeover, serial_shops, shop_coins
D:10:     layout_loops_ring, david_orc_3, serial_rivers,
          chequers_serial_rivers_small_a, chequers_serial_rivers_room_b,
          chequers_serial_rivers_small_b, chequers_serial_rivers_micro_b,
          chequers_serial_rivers_micro_b, chequers_serial_rivers_micro_d,
          hangedman_little_slice_of_home, minmay_misc_feat_cross,
          chequers_serial_rivers_small_b, uniq_josephine
D:11:     layout_stronghold, enter_bailey_3
D:12:     layout_loops_ring
D:13:     layout_small_grid, grunt_vaults_entry_fortified, serial_shops,
          nicolae_shop_window_shopping
D:14:     minmay_the_grid_four_pointed_star
          [minmay_the_grid_triangle_9x9_zippers_horizontal,
          minmay_the_grid_triangle_9x9_corruption,
          minmay_the_grid_triangle_9x9_limited_checkers,
          minmay_the_grid_triangle_9x9_empty,
          minmay_the_grid_prize_four_corners], layout_layer_cave,
          minmay_staircase_statues, serial_shops, shop,
          portal_ice_cave_entry_imps, uniq_louise
D:15:     grunt_enter_depths_snipers, layout_loops_ring, lemuel_blue_sif_altar,
          special_room [special_room_bee], minmay_misc_feat_tower
Temple:   lightli_temple_of_artemis
Lair:1:   layout_small_grid, lemuel_old_faithful
Lair:2:   layout_roguey, nicolae_spider_entry_non_spiders, grunt_megastairs_1
Lair:3:   layout_layer_cave, minmay_shoals_entry_hut, grunt_megastairs_4
Lair:4:   layout_layer_cave, uniq_kirke, uniq_nergalle, uniq_snorg
Lair:5:   layout_roguey, beast_lair_carwin_1
Lair:6:   minmay_lair_end_frog_pond, layout_regular_city,
          minmay_slime_entry_pillars
Shoals:1: layout_shoals, st_shoals_ruin
Shoals:2: layout_shoals, serial_shops, nicolae_shop_waterfront,
          hangedman_shoal_volcano, uniq_aizul
Shoals:3: layout_shoals, serial_shops, shop_statue,
          nicolae_shoals_square_sea_wall, uniq_polyphemus
Spider:1: layout_chambers, uniq_roxanne
Spider:2: layout_spider_delve, uniq_arachne
Spider:3: layout_spider_delve, ebering_ghost_rock_garden, uniq_jorgrun
Orc:1:    layout_caves, special_room [special_room_kobold], uniq_erolcha
Orc:2:    pubby_orc_utopia

Table legend:
 A = Turns spent in this place as a percentage of turns spent in the entire game.
 B = Non-inter-level travel turns spent in this place as a percentage of non-inter-level travel turns spent in the entire game.
 C = Inter-level travel turns spent in this place as a percentage of turns spent in this place.
 D = Turns resting spent in this place as a percentage of non-inter-level travel turns spent in this place.
 E = Turns spent auto-exploring this place as a percentage of non-inter-level travel turns spent in this place.
 F = Non-inter-level travel turns spent in this place divided by the number of levels of this place that you've seen.
                   A       B       C       D       E      F
               +-------+-------+-------+-------+-------+----------------------
         Total | 100.0 | 100.0 |   8.5 |  19.2 |  61.8 | 1162.5
       Dungeon |  42.8 |  40.2 |  14.0 |  10.4 |  72.0 | 1027.9
        Temple |   0.3 |   0.3 |  16.2 |   0.0 |  87.8 |  98.0
          Lair |  20.6 |  21.2 |   5.9 |  12.3 |  71.0 | 1353.7
        Shoals |   9.1 |   9.7 |   1.8 |  28.6 |  52.4 | 1242.7
   Spider Nest |  12.6 |  13.0 |   5.7 |  34.7 |  47.2 | 1656.0
  Orcish Mines |   8.0 |   8.3 |   5.0 |  16.4 |  60.3 | 1589.5
       Ossuary |   2.7 |   2.9 |   0.0 |  48.5 |  23.2 | 1118.0
        Bailey |   3.4 |   3.7 |   0.0 |  49.4 |  19.6 | 1411.0
      Ice Cave |   0.8 |   0.8 |   0.0 |  72.7 |   4.1 | 319.0
               +-------+-------+-------+-------+-------+----------------------

Table legend:
 A = Kills in this place as a percentage of kills in entire the game.
 B = Kills by you in this place as a percentage of kills by you in the entire game.
 C = Kills by friends in this place as a percentage of kills by friends in the entire game.
 D = Other kills in this place as a percentage of other kills in the entire game.
 E = Experience gained in this place as a percentage of experience gained in the entire game.
 F = Experience gained in this place divided by the number of levels of this place that you have seen.
                   A       B       C       D       E      F
               +-------+-------+-------+-------+-------+----------------------
         Total | 100.0 | 100.0 | 100.0 |   N/A | 100.0 | 7720.8
       Dungeon |  34.2 |  35.2 |  11.5 |   N/A |  20.1 | 3410.5
          Lair |  17.8 |  16.7 |  40.4 |   N/A |  20.6 | 8746.7
        Shoals |   7.3 |   7.6 |   0.0 |   N/A |  18.3 | 15561.3
   Spider Nest |  13.5 |  13.7 |   9.6 |   N/A |  25.1 | 21311.7
  Orcish Mines |  16.1 |  15.2 |  34.6 |   N/A |  12.7 | 16161.0
       Ossuary |   4.7 |   4.9 |   0.0 |   N/A |   0.1 | 265.0
        Bailey |   5.7 |   6.0 |   0.0 |   N/A |   2.2 | 5502.0
      Ice Cave |   0.8 |   0.7 |   3.8 |   N/A |   1.0 | 2442.0
               +-------+-------+-------+-------+-------+----------------------
